 Dungeon Crawl Stone Soup version 0.32-a0-540-g866d13106e (webtiles) character file.

Game seed: 1999675972016552652

10 cforsyth the Grave Robber (level 2, 0/23 HPs)
             Began as a Mountain Dwarf Necromancer on Feb 29, 2024.
             Slain by a jackal (3 damage)
             ... on level 1 of the Dungeon.
             The game lasted 00:01:06 (481 turns).

cforsyth the Grave Robber (MDNe)                     Turns: 481, Time: 00:01:07

Health: 0/23       AC:  2    Str: 10    XL:     2   Next: 10%
Magic:  1/4        EV: 11    Int: 15    God:
Gold:   38         SH:  0    Dex: 10    Spells: 3/4 levels left

rFire   . . .        (no weapon)
rCold   . . .        (no shield)
rNeg    . . .        a - +0 robe
rPois   .            (no helmet)
rElec   .            (no cloak)
rCorr   .            (no gloves)
SInv    .            (no boots)
Will    .....        (no amulet)
Stlth   ++           (no ring)
HPRegen 0.23/turn    (no ring)
MPRegen 0.09/turn

%: no passive effects
@: brilliant, invisible
A: runic magic, artefact enchanting
a: no special abilities


You were on level 1 of the Dungeon.
You visited 1 branch of the dungeon, and saw 1 of its levels.

You collected 38 gold pieces.


Innate Abilities, Weirdness & Mutations

Your spellcasting is much less encumbered by armour.
You can use scrolls of enchantment on lesser artefacts.


   Skills:
 + Level 1.2 Fighting
 - Level 1.3 Dodging
 - Level 1.4 Stealth
 - Level 1.7 Spellcasting
 + Level 4.7 Necromancy


You had 3 spell levels left.
You knew the following spells:

 Your Spells              Type           Power      Damage    Failure   Level
X - Necrotise             Necr           92%        1d8       3%          1

Your spell library contained the following spells:

 Spells                   Type           Power      Damage    Failure   Level
 Vampiric Draining        Necr           23%        2d7       10%         3
 Animate Dead             Necr           23%        N/A       32%         4
 Curse of Agony           Necr           23%        N/A       67%         5

Inventory:

Armour
 a - a +0 robe (worn)
 c - a +0 pair of gloves
Potions
 b - a potion of magic

Dungeon Overview and Level Annotations

Branches:
Dungeon (1/15)

Altars:

Shops:
D:1 (

Annotations:
D:1 1 runed translucent door

..$..... +.......#.#
...... ####......#
...... ##.#.### ..g.
###.# ###... #.# #
....# #.# #. #..# #.#
#..## #..######### #.#
#....##...gh@....# #.#
#.........######.# #.#
..#.#.....# #.# #.#
..#.##...## #.# #.#
#.......?.######.###.#
#.##.................#
.........######.#####
########........#
##########


You could see a jackal (unable to see you) and a hobgoblin (unable to see you).


Message History

It was a potion of brilliance.
You feel clever all of a sudden.
It was a potion of invisibility.
You fade into invisibility!
The jackal barely misses you.
The jackal bites you but does no damage.
There is a stone staircase leading down here.
You closely miss the jackal.
The jackal is moderately wounded.
The jackal misses you. The jackal bites you.
* * * LOW HITPOINT WARNING * * *
You barely miss the jackal.
The jackal is moderately wounded.
The jackal bites you.
* * * LOW HITPOINT WARNING * * *
You hit the jackal but do no damage.
The jackal is moderately wounded.
The jackal bites you but does no damage.
The jackal misses you.
You hit the jackal.
The jackal is heavily wounded.
The jackal closely misses you.
You barely miss the jackal.
The jackal is heavily wounded.
The jackal barely misses you.
Unknown command.
You hit the jackal but do no damage.
The jackal is moderately wounded.
The jackal closely misses you. The jackal bites you.
You die...

Skill      XL: |  1 |
---------------+----+-----
Fighting       | 1 |  1.2
Dodging        | |  1.3
Stealth        | |  1.4
Spellcasting   | |  1.7
Necromancy     | |  4.7

Action                     || total
---------------------------++-------
  Melee: Unarmed           ||    28
   Cast: Necrotise         ||     8
    Use: Potion            ||     2
 Armour: Robe              ||    36
  Dodge: Dodged            ||    29

Levels and vault maps discovered:
D:1:      dpeg_arrival_caged_fury, layout_loops_corners, serial_shops,
          nicolae_shop_window_shopping, nicolae_ecumenical_snake_handling

Notes
Turn   | Place    | Note
-------+----------+-------------------------------------------
     0 | D:1      | cforsyth the Mountain Dwarf Necromancer began the quest for
                  | the Orb.
     0 | D:1      | Reached XP level 1. HP: 14/14 MP: 3/3
     1 | D:1      | Found a runed translucent door.
    46 | D:1      | Found Ziokhlat's Antique Weapon Boutique.
   239 | D:1      | Found a faded altar of an unknown god.
   278 | D:1      | Reached skill level 1 in Fighting
   454 | D:1      | Reached XP level 2. HP: 23/23 MP: 0/4
   477 | D:1      | HP: 2/23 [jackal (3)]
   481 | D:1      | Slain by a jackal

Vanquished Creatures
  6 ball pythons (D:1)
  A jackal (D:1)
  2 frilled lizards (D:1)
  A rat (D:1)
10 creatures vanquished.

Table legend: (Time is in decaauts)
 A = Elapsed time spent in this place.
 B = Non-inter-level travel time spent in this place.
 C = Inter-level travel time spent in this place.
 D = Time resting spent in this place.
 E = Time spent auto-exploring this place.
 F = Levels seen in this place.
 G = Mean time per level.
                   A        B        C        D        E       F      G
               +--------+--------+--------+--------+--------+-----+--------+
         Total |    481 |    481 |      0 |      0 |    384 |   1 |  481.0 |
       Dungeon |    481 |    481 |      0 |      0 |    384 |   1 |  481.0 |
               +--------+--------+--------+--------+--------+-----+--------+

Top non-repeatable levels by time:
     D:1: 481 daAuts

Table legend:
 A = Non-vault XP
 B = Vault XP
 C = Vault XP percentage of total XP
 D = Non-vault monster count
 E = Vault monster count
 F = Vault count percentage of total count
                 A         B        C        D         E       F
            +---------+---------+-------+---------+---------+-------
      Total |      11 |       4 |  26.7 |       7 |       3 |  30.0
            +---------+---------+-------+---------+---------+-------
        D:1 |      11 |       4 |  26.7 |       7 |       3 |  30.0
            +---------+---------+-------+---------+---------+-------
